 Dungeon Crawl Stone Soup version 0.20-a0-432-g25cc1b4 (webtiles) character file.

231 Mogwied the Conjurer (level 5, 0/28 HPs)
             Began as a Deep Elf Conjurer on Jan 2, 2017.
             Slain by Robin
             ... wielding a +2 dagger of venom
              (3 damage)
             ... on level 3 of the Dungeon.
             The game lasted 00:19:58 (3016 turns).

Mogwied the Conjurer (Deep Elf Conjurer)            Turns: 3016, Time: 00:20:20

Health: 0/28       AC:  2    Str:  5    XL:     5   Next: 72%
Magic:  1/13       EV: 16    Int: 21    God:
Gold:   152        SH:  5    Dex: 15    Spells: 0/12 levels left

rFire  . . .     SeeInvis .     j - +0 club
rCold  . . .     Gourm    .     a - +0 robe
rNeg   . . .     Faith    .     (no shield)
rPois  .         Spirit   .     (no helmet)
rElec  .         Reflect  +     (no cloak)
rCorr  .         Harm     .     (no gloves)
MR     .....                    (no boots)
Stlth  ++........               e - +5 amulet of reflection
                                y - +3 ring of evasion
                                n - ring of flight

@: lethally poisoned (0 -> -10)
A: no striking features
a: Evoke Flight


You were on level 3 of the Dungeon.
You were hungry.

You visited 1 branch of the dungeon, and saw 3 of its levels.

You collected 152 gold pieces.

Inventory:

Hand Weapons
 j - a +0 club (weapon)
Armour
 a - a +0 robe (worn)
Jewellery
 e - a +5 amulet of reflection (around neck)
 n - a ring of flight (left hand)
 y - a +3 ring of evasion (right hand)
Scrolls
 d - 2 scrolls of magic mapping {unknown}
 i - 2 scrolls of blinking {unknown}
 l - 6 scrolls of identify {unknown}
 p - a scroll of random uselessness {unknown}
 r - a scroll of fog {unknown}
 t - 2 scrolls of recharging {unknown}
 w - a scroll of enchant weapon {unknown}
 A - a scroll of immolation {unknown}
Potions
 g - a potion of resistance {unknown}
 k - a potion of curing {unknown}
 m - a potion of heal wounds {unknown}
 o - a potion of haste {unknown}
 q - a potion of lignification
 v - a potion of cure mutation {unknown}
 z - a potion of degeneration {unknown}
Books
 b - a book of Conjurations

   Spells                             Type                      Level
   a - Magic Dart                     Conjuration                  1
   b - Searing Ray                    Conjuration                  2
   c - Dazzling Spray                 Conjuration/Hexes            3
   d - Fulminant Prism                Conjuration/Hexes            4
   e - Iskenderun's Mystic Blast      Conjuration                  4
   f - Iskenderun's Battlesphere      Conjuration/Charms           5
Comestibles
 c - 2 bread rations
 h - a beef jerky
 s - 3 meat rations
 u - a slice of pizza


   Skills:
 + Level 2.7 Dodging
 - Level 2.4 Stealth
 + Level 4.2 Spellcasting
 * Level 7.1 Conjurations
 * Level 0.8 Charms


You couldn't memorise any spells.
You knew the following spells:

 Your Spells              Type           Power        Failure   Level  Hunger
a - Magic Dart            Conj           ####         1%          1    None
b - Searing Ray           Conj           ####..       1%          2    #......
c - Iskenderun's Battles  Conj/Chrm      ###.....     67%         5    ######.
h - Iskenderun's Mystic   Conj           ####....     8%          4    ####...


Dungeon Overview and Level Annotations

Branches:
Dungeon (3/15)

Altars:
Dithmenos
Elyvilon
Yredelemnul

Annotations:
D:3 Robin


Message History

You feel sick.
Robin points. "Kill!"
Robin hits you but does no damage.
You are lethally poisoned!
You hit Robin but do no damage.
Robin is heavily wounded.
* * * LOW HITPOINT WARNING * * *
You feel sick. Robin hits you but does no damage. x2
You hit Robin but do no damage.
Robin is heavily wounded.
* * * LOW HITPOINT WARNING * * *
You feel sick. Robin hits you but does no damage.
It was a potion of cancellation.
Your magical effects are unravelling.
You feel magically purged.
You feel less wooden.
Your +0 robe unmelds from your body.
* * * LOW HITPOINT WARNING * * *
You feel sick. Robin hits you with a dagger of venom.
You die...

###.#.####.##.......# #....≈≈≈..
##..#)###...####..#.####.#.......
#..§#.##.....###..#......##.....♣
§§_.#<##..........#.........>..♣♣
§§..#.##.....###.##.###.########
§...#.###.....##.##.###.##
#####.# ###.............)......
#.# #...##g##.###)#####.. #.#
##.###@...# #.. #.# #.# ######
#.. #.# #.# #..# #.######.# #...
#........# ##.# ##########


You could see Robin.

Vanquished Creatures
  An orc priest (D:3)
  Natasha (thrice) (D:2)
  2 adders (D:3)
  4 oozes
  A worm (D:3)
  3 dart slugs
  2 leopard geckos (D:1)
  4 orcs (D:3)
  5 bats
  A giant cockroach (D:2)
  18 goblins
  12 hobgoblins
  6 kobolds
  2 quokkas
  8 frilled lizards
  2 rats (D:1)
74 creatures vanquished.

Notes
Turn   | Place    | Note
-------+----------+-------------------------------------------
     0 | D:1      | Mogwied the Deep Elf Conjurer began the quest for the Orb.
     0 | D:1      | Reached XP level 1. HP: 10/10 MP: 6/6
   296 | D:1      | Reached XP level 2. HP: 15/15 MP: 6/8
   319 | D:1      | Reached skill level 5 in Conjurations
   420 | D:1      | Learned a level 2 spell: Searing Ray
   541 | D:1      | Reached XP level 3. HP: 19/19 MP: 6/9
  1198 | D:2      | Noticed Natasha
  1210 | D:2      | Killed Natasha
  1210 | D:2      | Reached skill level 6 in Conjurations
  1210 | D:2      | Reached XP level 4. HP: 24/24 MP: 7/11
  1241 | D:2      | Noticed Natasha
  1245 | D:2      | Killed Natasha
  1305 | D:2      | Noticed Natasha
  1311 | D:2      | Killed Natasha
  1543 | D:2      | Reached XP level 5. HP: 28/28 MP: 10/12
  1960 | D:3      | Found a white marble altar of Elyvilon.
  2057 | D:3      | Learned a level 4 spell: Iskenderun's Mystic Blast
  2338 | D:3      | Reached skill level 7 in Conjurations
  2613 | D:3      | Learned a level 5 spell: Iskenderun's Battlesphere
  2645 | D:3      | Found a shadowy altar of Dithmenos.
  2661 | D:3      | Found a basalt altar of Yredelemnul.
  2980 | D:3      | Noticed Robin
  3016 | D:3      | Slain by Robin

Vault maps used:
D:1:      matt_arrival_diagonals
D:2:      uniq_natasha
D:3:      elyvilon_altar_3, grunt_dithmenos_smoke, lemuel_round_altar,
          first_bread, uniq_robin

Skill      XL: |  1  2  3  4  5 |
---------------+----------------+-----
Conjurations   | 5 6 7 |  7.1
Spellcasting   | 4 |  4.2
Dodging        | |  2.7
Stealth        | |  2.4
Charms         | |  0.8

Action                   |  1- 3 |  4- 6 || total
-------------------------+-------+-------++-------
Melee: Club              |       |    11 ||    11
 Cast: Magic Dart        |    47 |    71 ||   118
       Searing Ray       |     3 |    10 ||    13
       Iskenderun's Myst |       |     1 ||     1
  Use: Potion            |       |     2 ||     2
  Eat: Chunk             |     1 |     5 ||     6
Armor: Skin              |       |    11 ||    11
Dodge: Dodged            |     1 |     1 ||     2
Block: Other             |       |    11 ||    11
       Reflection        |       |     2 ||     2
